LNM
VERACRUZ VIGIAS @ TOLUCA CHORIZOS
06/08/1903
 
TOP OF THE 1ST
Veracruz Vigias batting - Pitching for Toluca Chorizos : RHP Juan Ruiz
Pitching: RHP Juan Ruiz
Batting: RHB Tomás Contreras 0-0: Reached on error, E4 (Groundball, 4, EV 139 KM/H)
Batting: RHB Dalmacio Espinosa 0-0: Sac Bunt to 15 - play at first, batter OUT! 1-3
Tomás Contreras to second
Batting: SHB Omar Tablada 0-0: Ball
1-0: Foul Ball, location: 5F
1-1: Called Strike
1-2: Ball
2-2: Fly out, F8 (Flyball, 89M, EV 162 KM/H)
Batting: RHB Polibio Cabrera 0-0: Ball
1-0: Ball
2-0: Foul Ball, location: 2F
2-1: Swinging Strike
2-2: Hit by Pitch
Batting: RHB Anaximandro Rodríguez 0-0: Foul Ball, location: 2F
0-1: Ball
1-1: Ground out U3 (Groundball, 34S, EV 150 KM/H)
Top of the 1st over - 0 runs, 0 hits, 1 error, 2 left on base; Veracruz 0 - Toluca 0
BOTTOM OF THE 1ST
Toluca Chorizos batting - Pitching for Veracruz Vigias : RHP Manuel González
Pitching: RHP Manuel González
Batting: RHB Tito Bravo 0-0: Ball
1-0: Ball
2-0: Ball
3-0: Called Strike
3-1: Foul Ball, location: 25F
3-2: SINGLE (Line Drive, 7LS, EV 161 KM/H)
Batting: RHB Roy Jennings 0-0: Fielders Choice at 2nd, 6-4 (Groundball, 56, EV 126 KM/H)
Batting: SHB Santiago Silva 0-0: Ball
1-0: Ball
2-0: Foul Ball, location: 5F
2-1: Swinging Strike
2-2: Foul Ball, location: 9LMF
2-2: Foul Ball, location: 5F
2-2: Fielders Choice at 2nd, 4-6 (Groundball, 4M, EV 140 KM/H)
Batting: LHB Roano Ontiveros 0-0: Ball
1-0: Ball
2-0: Called Strike
2-1: Foul Ball, location: 7LMF
2-2: Foul Ball, location: 5FF
2-2: Foul Ball, location: 7LDF
2-2: Ball
3-2: Base on Balls
Santiago Silva to second
Batting: RHB Eduardo González 0-0: Swinging Strike
0-1: Ball
1-1: Foul Ball, location: 3SF
1-2: Foul Ball, location: 3SF
1-2: Foul Ball, location: 2F
1-2: DOUBLE (Line Drive, 89D, EV 175 KM/H)
Santiago Silva scores
Roano Ontiveros to third
Runner from 3rd tries for Home, SAFE, throw by CF to home
Batting: LHB Abejundio Martín 0-0: Ball
1-0: Ball
2-0: Fly out, F9 (Line Drive, 89M, EV 153 KM/H)
Bottom of the 1st over - 2 runs, 2 hits, 0 errors, 1 left on base; Veracruz 0 - Toluca 2
TOP OF THE 2ND
Veracruz Vigias batting - Pitching for Toluca Chorizos : RHP Juan Ruiz
Batting: LHB Vicente García 0-0: Ball
1-0: Ball
2-0: Called Strike
2-1: Ball
3-1: Ground out 6-3 (Groundball, 6, EV 169 KM/H)
Batting: RHB Jesús Flores 0-0: Ground out 4-3 (Groundball, 4, EV 130 KM/H)
Batting: RHB Bradley Charters 0-0: Fly out, F3 (Popup, 34S, EV 121 KM/H)
Top of the 2nd over - 0 runs, 0 hits, 0 errors, 0 left on base; Veracruz 0 - Toluca 2
BOTTOM OF THE 2ND
Toluca Chorizos batting - Pitching for Veracruz Vigias : RHP Manuel González
Batting: RHB Mateo Ramos 0-0: Ball
1-0: Ball
2-0: Ball
3-0: Called Strike
3-1: Foul Ball, location: 2F
3-2: Base on Balls
Batting: RHB Felipe Alvarado 0-0: Ball
1-0: Ball
2-0: Called Strike
2-1: Grounds into double play, 6-4-3 (Groundball, 6, EV 140 KM/H)
Batting: LHB Juan Ruiz 0-0: Ball
1-0: Ball
2-0: Called Strike
2-1: Ball
3-1: Foul Ball, location: 2F
3-2: DOUBLE (Flyball, 78D, EV 177 KM/H)
Batting: RHB Tito Bravo 0-0: Ball
1-0: Ball
2-0: Ball
3-0: Base on Balls
Batting: RHB Roy Jennings 0-0: Ball
1-0: Called Strike
1-1: Foul Ball, location: 3SF
1-2: Foul Ball, location: 5FF
1-2: Ground out U3 (Groundball, 23, EV 142 KM/H)
Bottom of the 2nd over - 0 runs, 1 hit, 0 errors, 2 left on base; Veracruz 0 - Toluca 2
TOP OF THE 3RD
Veracruz Vigias batting - Pitching for Toluca Chorizos : RHP Juan Ruiz
Batting: RHB Manuel González 0-0: Ground out 6-3 (Groundball, 6, EV 150 KM/H)
Batting: RHB Tomás Contreras 0-0: Called Strike
0-1: SINGLE (Line Drive, 78M, EV 157 KM/H)
Batting: RHB Dalmacio Espinosa 0-0: Called Strike
0-1: Called Strike
Tomás Contreras steals 2nd base
0-2: Ground out 6-3 (Groundball, 6, EV 138 KM/H)
Batting: SHB Omar Tablada 0-0: Foul Ball, location: 9LSF
0-1: Ball
1-1: Fly out, F8 (Flyball, 8RS, EV 142 KM/H)
Top of the 3rd over - 0 runs, 1 hit, 0 errors, 1 left on base; Veracruz 0 - Toluca 2
BOTTOM OF THE 3RD
Toluca Chorizos batting - Pitching for Veracruz Vigias : RHP Manuel González
Batting: SHB Santiago Silva 0-0: Called Strike
0-1: Ball
1-1: Swinging Strike
1-2: Foul Ball, location: 9LMF
1-2: SINGLE (Groundball, 4MD, EV 158 KM/H) (infield hit)
Batting: LHB Roano Ontiveros 0-0: Swinging Strike
0-1: Sac Bunt to 15S - play at second, runner OUT! 1-6
Batting: RHB Eduardo González 0-0: Ball
1-0: Foul Ball, location: 9LSF
1-1: Ball
2-1: SINGLE (Line Drive, 7S, EV 163 KM/H)
Roano Ontiveros to second
Batting: LHB Abejundio Martín 0-0: Ball
1-0: Ball
2-0: SINGLE (Groundball, 34D, EV 174 KM/H)
Roano Ontiveros to third
Eduardo González to second
Runner from 3rd tries for Home, throw by RF and OUT! 9-2
Batting: RHB Mateo Ramos 0-0: Ball
1-0: Swinging Strike
1-1: Ball
2-1: Fly out, F7 (Line Drive, 78M, EV 147 KM/H)
Bottom of the 3rd over - 0 runs, 3 hits, 0 errors, 2 left on base; Veracruz 0 - Toluca 2
TOP OF THE 4TH
Veracruz Vigias batting - Pitching for Toluca Chorizos : RHP Juan Ruiz
Batting: RHB Polibio Cabrera 0-0: Bunted foul
0-1: Swinging Strike
0-2: Ball
1-2: Foul Ball, location: 2F
1-2: DOUBLE (Flyball, 8LD, EV 145 KM/H)
Batting: RHB Anaximandro Rodríguez 0-0: Reached on error, E8 (Flyball, 89XD, EV 146 KM/H)
Polibio Cabrera scores
Batting: LHB Vicente García 0-0: Called Strike
0-1: Swinging Strike
0-2: Ball
1-2: Ground out 3-1 (Groundball, 34, EV 141 KM/H)
Anaximandro Rodríguez to third
Batting: RHB Jesús Flores 0-0: Ball
1-0: Called Strike
1-1: SINGLE (Groundball, 3D, EV 170 KM/H)
Anaximandro Rodríguez scores
Batting: RHB Bradley Charters 0-0: Ball
1-0: Foul Ball, location: 2F
1-1: Ball
Wild Pitch!
Jesús Flores to second
2-1: Ground out 4-3 (Groundball, 4, EV 147 KM/H)
Jesús Flores to third
Batting: RHB Manuel González 0-0: Ball
1-0: Foul Ball, location: 2F
1-1: Ground out 6-3 (Groundball, 6, EV 145 KM/H)
Top of the 4th over - 2 runs, 2 hits, 1 error, 1 left on base; Veracruz 2 - Toluca 2
BOTTOM OF THE 4TH
Toluca Chorizos batting - Pitching for Veracruz Vigias : RHP Manuel González
Batting: RHB Felipe Alvarado 0-0: Foul Ball, location: 3SF
0-1: Ball
1-1: SINGLE (Groundball, 4MD, EV 160 KM/H)
Batting: LHB Juan Ruiz 0-0: Reached on error, E1 (Groundball, 15S, EV 0 KM/H)
Felipe Alvarado to second
Batting: RHB Tito Bravo 0-0: Called Strike
0-1: Grounds into double play, 5-4-3 (Groundball, 56, EV 176 KM/H)
Felipe Alvarado to third
Batting: RHB Roy Jennings 0-0: Ball
1-0: Called Strike
1-1: Ball
2-1: Foul Ball, location: 3FF
2-2: Ball
3-2: Strikes out looking
Bottom of the 4th over - 0 runs, 1 hit, 1 error, 1 left on base; Veracruz 2 - Toluca 2
TOP OF THE 5TH
Veracruz Vigias batting - Pitching for Toluca Chorizos : RHP Juan Ruiz
Batting: RHB Tomás Contreras 0-0: Called Strike
0-1: Foul Ball, location: 2F
0-2: SINGLE (Groundball, 4MD, EV 166 KM/H)
Batting: RHB Dalmacio Espinosa 0-0: Called Strike
Tomás Contreras is caught stealing 2nd base 2-4
0-1: Called Strike
0-2: Reached on error, E5 (Groundball, 56S, EV 121 KM/H)
Batting: SHB Omar Tablada 0-0: Ball
1-0: Ground out 4-3 (Groundball, 4, EV 142 KM/H)
Dalmacio Espinosa to third
Batting: RHB Polibio Cabrera 0-0: Ground out 4-3 (Groundball, 4S, EV 133 KM/H)
Top of the 5th over - 0 runs, 1 hit, 1 error, 1 left on base; Veracruz 2 - Toluca 2
BOTTOM OF THE 5TH
Toluca Chorizos batting - Pitching for Veracruz Vigias : RHP Manuel González
Batting: SHB Santiago Silva 0-0: Ball
1-0: Foul Ball, location: 23F
1-1: Ball
2-1: Swinging Strike
2-2: Ball
3-2: Foul Ball, location: 7LDF
3-2: Strikes out swinging
Batting: LHB Roano Ontiveros 0-0: Foul Ball, location: 9LDF
0-1: Ball
1-1: Swinging Strike
1-2: Fly out, F8 (Flyball, 8LXD, EV 163 KM/H)
Batting: RHB Eduardo González 0-0: SINGLE (Groundball, 4MD, EV 157 KM/H)
Batting: LHB Abejundio Martín 0-0: Ball
1-0: Ball
2-0: Ball
3-0: Called Strike
3-1: Foul Ball, location: 2F
3-2: Fly out, F8 (Flyball, 8LM, EV 139 KM/H)
Bottom of the 5th over - 0 runs, 1 hit, 0 errors, 1 left on base; Veracruz 2 - Toluca 2
TOP OF THE 6TH
Veracruz Vigias batting - Pitching for Toluca Chorizos : RHP Juan Ruiz
Batting: RHB Anaximandro Rodríguez 0-0: Ground out 4-3 (Groundball, 34, EV 166 KM/H)
Batting: LHB Vicente García 0-0: Ball
1-0: Ball
2-0: Called Strike
2-1: Ball
3-1: Base on Balls
Batting: RHB Jesús Flores 0-0: Foul Ball, location: 2F
0-1: Grounds into double play, 4-6-3 (Groundball, 4, EV 134 KM/H)
Top of the 6th over - 0 runs, 0 hits, 0 errors, 0 left on base; Veracruz 2 - Toluca 2
BOTTOM OF THE 6TH
Toluca Chorizos batting - Pitching for Veracruz Vigias : RHP Manuel González
Batting: RHB Mateo Ramos 0-0: Ball
1-0: Called Strike
1-1: Foul Ball, location: 5DF
1-2: Ball
2-2: Ground out 6-3 (Groundball, 6, EV 168 KM/H)
Batting: RHB Felipe Alvarado 0-0: Called Strike
0-1: Fly out, F7 (Flyball, 7, EV 147 KM/H)
Batting: LHB Juan Ruiz 0-0: Swinging Strike
0-1: Called Strike
0-2: Strikes out swinging
Bottom of the 6th over - 0 runs, 0 hits, 0 errors, 0 left on base; Veracruz 2 - Toluca 2
TOP OF THE 7TH
Veracruz Vigias batting - Pitching for Toluca Chorizos : RHP Juan Ruiz
Pinch Hitting: LHB José Barajas 0-0: Foul Ball, location: 2F
0-1: Ball
1-1: Ball
2-1: TRIPLE (Flyball, 8RXD, EV 150 KM/H)
Batting: RHB Manuel González 0-0: Swinging Strike
0-1: SINGLE (Line Drive, 34D, EV 150 KM/H)
José Barajas scores
Batting: RHB Tomás Contreras 0-0: Sac Bunt to 15S - play at first, batter OUT! 1-4
Manuel González to second
Batting: RHB Dalmacio Espinosa 0-0: Ball
1-0: Ball
2-0: Swinging Strike
2-1: Ball
3-1: Base on Balls
Batting: SHB Omar Tablada 0-0: Ball
Passed Ball!
Manuel González to third
Dalmacio Espinosa to second
1-0: Ball
2-0: Called Strike
2-1: Ball
3-1: Called Strike
3-2: Base on Balls
Batting: RHB Polibio Cabrera 0-0: Called Strike
0-1: Foul Ball, location: 25F
0-2: SINGLE (Line Drive, 78S, EV 162 KM/H)
Manuel González scores
Dalmacio Espinosa to third
Omar Tablada to second
Pinch Hitting: LHB Leandro Padilla 0-0: GRAND SLAM HOME RUN (Flyball, 89XD, EV 167 KM/H), Distance : 122 mt
Pitching: LHP Palamedes Gámez
Batting: LHB Vicente García 0-0: Foul Ball, location: 3F
0-1: Fly out, F7 (Flyball, 7D, EV 158 KM/H)
Batting: RHB Jesús Flores 0-0: Ball
1-0: Foul Ball, location: 2F
1-1: Foul Ball, location: 25F
1-2: SINGLE (Groundball, 34D, EV 160 KM/H)
Batting: LHB José Barajas 0-0: Foul Ball, location: 7LDF
0-1: SINGLE (Groundball, 34D, EV 160 KM/H)
Jesús Flores to second
Runner from 2nd tries for 3rd, SAFE, throw by RF made to third
Batting: RHB Manuel González 0-0: Foul Ball, location: 2F
0-1: Ball
1-1: Foul Ball, location: 2F
1-2: Ground out 4-3 (Groundball, 34, EV 160 KM/H)
Top of the 7th over - 6 runs, 6 hits, 0 errors, 2 left on base; Veracruz 8 - Toluca 2
BOTTOM OF THE 7TH
Toluca Chorizos batting - Pitching for Veracruz Vigias : RHP Manuel González
Now at 1B: Leandro Padilla
Now at 3B: Ruben Cruz
Batting: RHB Tito Bravo 0-0: Ground out 1-3 (Groundball, 13S, EV 106 KM/H)
Batting: RHB Roy Jennings 0-0: Foul Ball, location: 2F
0-1: Foul Ball, location: 2LF
0-2: SINGLE (Groundball, 56S, EV 112 KM/H) (infield hit)
Batting: SHB Santiago Silva 0-0: Ball
Roy Jennings is caught stealing 2nd base 2-6
1-0: Ball
2-0: Foul Ball, location: 2F
2-1: Ball
3-1: Base on Balls
Batting: LHB Roano Ontiveros 0-0: Ball
1-0: Called Strike
1-1: Foul Ball, location: 7LMF
1-2: Fly out, F5 (Popup, 5SF, EV 117 KM/H)
Bottom of the 7th over - 0 runs, 1 hit, 0 errors, 1 left on base; Veracruz 8 - Toluca 2
TOP OF THE 8TH
Veracruz Vigias batting - Pitching for Toluca Chorizos : LHP Palamedes Gámez
Batting: RHB Tomás Contreras 0-0: Swinging Strike
0-1: Foul Ball, location: 2F
0-2: Ball
1-2: Fly out, F3 (Popup, 34S, EV 136 KM/H)
Batting: RHB Dalmacio Espinosa 0-0: Foul Ball, location: 5FF
0-1: DOUBLE (Line Drive, 9LS, EV 147 KM/H) - OUT at third base trying to stretch hit.
Batting: SHB Omar Tablada 0-0: Ball
1-0: Ball
2-0: Ball
3-0: Base on Balls
Batting: RHB Polibio Cabrera 0-0: Called Strike
Omar Tablada is caught stealing 2nd base 2-4
Top of the 8th over - 0 runs, 1 hit, 0 errors, 0 left on base; Veracruz 8 - Toluca 2
BOTTOM OF THE 8TH
Toluca Chorizos batting - Pitching for Veracruz Vigias : RHP Manuel González
Batting: RHB Eduardo González 0-0: Ball
1-0: SINGLE (Line Drive, 78S, EV 141 KM/H)
Batting: LHB Abejundio Martín 0-0: Called Strike
0-1: Foul Ball, location: 2F
0-2: TRIPLE (Flyball, 89XD, EV 158 KM/H)
Eduardo González scores
Batting: RHB Mateo Ramos 0-0: Called Strike
0-1: Fly out, F8 (Line Drive, 8RM, EV 141 KM/H)
Runner from 3rd tags up, SCORES, throw by CF
Batting: RHB Felipe Alvarado 0-0: Ball
1-0: Ball
2-0: Ball
3-0: Called Strike
3-1: Base on Balls
Pinch Hitting: LHB Timoteo Romo 0-0: Fielders Choice at 2nd, 4-6 (Groundball, 4, EV 135 KM/H)
Batting: RHB Tito Bravo 0-0: Ball
1-0: SINGLE (Line Drive, 9S, EV 165 KM/H)
Timoteo Romo to second
Batting: RHB Roy Jennings 0-0: Ball
1-0: Fielders Choice at 2nd, 6-4 (Groundball, 6, EV 130 KM/H)
Bottom of the 8th over - 2 runs, 3 hits, 0 errors, 2 left on base; Veracruz 8 - Toluca 4
TOP OF THE 9TH
Veracruz Vigias batting - Pitching for Toluca Chorizos : LHP Palamedes Gámez
Pitching: RHP Mario Castro
Batting: RHB Polibio Cabrera 0-0: Ground out 6-3 (Groundball, 6, EV 138 KM/H)
Batting: LHB Leandro Padilla 0-0: Ball
1-0: Fly out, F9 (Flyball, 89S, EV 129 KM/H)
Batting: LHB Vicente García 0-0: Swinging Strike
0-1: Ball
1-1: Fly out, F8 (Flyball, 8LS, EV 148 KM/H)
Top of the 9th over - 0 runs, 0 hits, 0 errors, 0 left on base; Veracruz 8 - Toluca 4
BOTTOM OF THE 9TH
Toluca Chorizos batting - Pitching for Veracruz Vigias : RHP Manuel González
Batting: SHB Santiago Silva 0-0: Ball
1-0: Foul Ball, location: 23F
1-1: Foul Ball, location: 3FF
1-2: Foul Ball, location: 3FF
1-2: Ball
2-2: Ball
3-2: Ground out 6-3 (Groundball, 6M, EV 134 KM/H)
Batting: LHB Roano Ontiveros 0-0: Called Strike
0-1: Ball
1-1: Ball
2-1: Ball
3-1: Foul Ball, location: 2F
3-2: Base on Balls
Batting: RHB Eduardo González 0-0: Called Strike
0-1: Ball
1-1: Ball
2-1: SINGLE (Flyball, 34D, EV 138 KM/H)
Roano Ontiveros to second
Batting: LHB Abejundio Martín 0-0: Ball
1-0: SINGLE (Groundball, 56S, EV 97 KM/H) (infield hit)
Roano Ontiveros to third
Eduardo González to second
Pinch Hitting: LHB Samuel Núñez 0-0: Ball
1-0: Grounds into fielders choice 4-2 (Groundball, 4, EV 149 KM/H)
Eduardo González to third
Abejundio Martín to second
Pinch Hitting: LHB Josh Worley 0-0: Fly out, F8 (Flyball, 8RD, EV 176 KM/H)
Bottom of the 9th over - 0 runs, 2 hits, 0 errors, 3 left on base; Veracruz 8 - Toluca 4
Friday, March 22nd , 2024 - OOTP Baseball 25.1 Build 47